 Dungeon Crawl Stone Soup version 0.18-a0-1372-gd644665 (webtiles) character file.

62 M4edhros the Sneak (level 4, -1/31 HPs)
             Began as an Octopode Monk on Feb 21, 2016.
             Shot with an arrow by a centaur (14 damage)
             ... on level 3 of the Dungeon.
             The game lasted 00:01:10 (1282 turns).

M4edhros the Sneak (Octopode Monk)                  Turns: 1282, Time: 00:01:11

Health: -1/31      AC:  1    Str: 10    XL:     4   Next: 8%
Magic:  4/4        EV: 14    Int: 12    God:
Gold:   65         SH:  0    Dex: 18    Spells: 0 memorised, 3 levels left

rFire  . . .     SeeInvis .     k - +2 trident (flame)
rCold  . . .     Gourm    .     (no shield)
rNeg   . . .     Faith    .     (helmet restricted)
rPois  .         Spirit   .     (no amulet)
rElec  .         Dismiss  .     g - +3 ring of dexterity
rCorr  .         Reflect  .     (no ring)
SustAt .         Harm     .     (no ring)
MR     .....                    (no ring)
Stlth  ++++......               (no ring)
                                (no ring)
                                (no ring)
                                (no ring)

@: not resistant to hostile enchantments, stealthy
A: almost no armour, amphibious, 8 rings, constrict 8, camouflage 1, gelatinous
body 1
a: no special abilities


You were on level 3 of the Dungeon.
You were not hungry.

You visited 1 branch of the dungeon, and saw 3 of its levels.

You collected 65 gold pieces.

Inventory:

Hand Weapons
 k - a +2 trident of flaming (weapon)
Jewellery
 g - a +3 ring of dexterity (left tentacle)
Scrolls
 b - a scroll of recharging {unknown}
 d - 2 scrolls of blinking {unknown}
 f - a scroll of magic mapping {unknown}
 i - a scroll of fog {unknown}
Potions
 c - a potion of might {unknown}
 e - 2 potions of curing {unknown}
 j - a potion of cure mutation {unknown}
Comestibles
 a - 2 bread rations
 h - 3 meat rations


   Skills:
 - Level 3.0 Fighting
 - Level 3.0 Dodging
 + Level 5.0 Stealth
 + Level 4.6 Unarmed Combat


You had 3 spell levels left.
You didn't know any spells.

Dungeon Overview and Level Annotations

Branches:
Dungeon (3/15)

Altars:
Fedhas
Okawaru


Innate Abilities, Weirdness & Mutations

You cannot wear most types of armour.
You are amphibious.
You can wear up to eight rings at the same time.
You can use your tentacles to constrict eight enemies at once.
Your skin changes colour to match your surroundings (Stealth).
Your rubbery body absorbs attacks (AC +1).


Message History

No target in view!
No target in view!
You open the door.
A centaur comes into view.
Found a ring mail.
A centaur is nearby!
A goblin comes into view. It is wielding a club.
There is an open door here.
There are monsters nearby!
There are monsters nearby!
Attack whom?
Press: ? - help, Dir - move target cursor, f - goblin
Aim: a goblin, wielding a club (resting)
You reach to attack!
The helpless centaur fails to defend itself.
You puncture the centaur! You burn the centaur.
The centaur is heavily wounded.
The centaur wields a shortbow.
The centaur shoots an arrow.
The arrow hits you!
The centaur shoots an arrow.
The arrow hits you!
You die...

#.####....##.#
#.#...........
#.#.#...######
#.#.#..##...##
#.#.#.##.....##
#.#.#.#...[...#
#.#.#.#.g.c...#
#.#.#.#.......#
#.#.#.##..@..#
#......##...##
#.......##'######
#..###............
#..###............
#.................
##########+#######


You could see a centaur and a goblin (sleeping).

Vanquished Creatures
  An adder (D:3)
  An ooze (D:1)
  2 ball pythons (D:2)
  6 giant cockroaches
  3 goblins
  8 hobgoblins
  6 jackals
  7 kobolds
  8 rats
42 creatures vanquished.

Notes
Turn   | Place    | Note
--------------------------------------------------------------
     0 | D:1      | M4edhros the Octopode Monk began the quest for the Orb.
     0 | D:1      | Reached XP level 1. HP: 16/16 MP: 1/1
    95 | D:1      | Reached XP level 2. HP: 9/21 MP: 2/2
   451 | D:1      | Reached XP level 3. HP: 24/26 MP: 3/3
  1106 | D:2      | Found an iron altar of Okawaru.
  1177 | D:2      | Found a blossoming altar of Fedhas.
  1243 | D:3      | Reached skill level 5 in Stealth
  1243 | D:3      | Reached XP level 4. HP: 21/31 MP: 4/4
  1278 | D:3      | Noticed a centaur
  1282 | D:3      | Shot with an arrow by a centaur

Vault maps used:
D:1:      onia_arrival_larder, supply_closet_lemuel,
          corexii_hall_statues_deadend
D:2:      xom_teletrap_fun, old_standard_altar, old_standard_altar,
          serial_bayou_pond_d, fedhas_altar_3, uniq_crazy_yiuf_cottage
D:3:      kennysheep_six_static_rooms, nicolae_ru_path_of_blood

Action                   |  1- 3 |  4- 6 || total
-------------------------+-------+-------++-------
Melee: Unarmed           |    71 |       ||    71
       Trident           |     5 |     2 ||     7
 Stab: Sleeping          |    12 |     2 ||    14
  Eat: Chunk             |     1 |       ||     1
